 Dungeon Crawl Stone Soup version 0.27-a0-1501-g9d6fb14e67 (webtiles) character file.

Game seed: 12068744116425548135

2805 Lekart the Skirmisher (level 9, -12/67 (77) HPs)
             Began as a Red Draconian Chaos Knight on July 8, 2021.
             Was a Plaything of Xom.
             Mangled by a wight (15 damage)
             ... on level 7 of the Dungeon.
             The game lasted 00:17:33 (7732 turns).

Lekart the Skirmisher (Red Draconian Chaos Knight)  Turns: 7732, Time: 00:17:34

HP:   -12/67 (77)   AC:  9    Str: 15 (16) XL:     9   Next: 44%
MP:   16/16         EV: 11    Int: 11 (12) God:    Xom [....*.]
Gold: 1275          SH:  8    Dex: 11      Spells: 18/18 levels left

rFire    + + .     SeeInvis .   a - +1 falchion (chaos)
rCold    . . .     Faith    .   u - +0 kite shield
rNeg     . . .     Spirit   .   (armour unavailable)
rPois    +         Reflect  .   (helmet restricted)
rElec    .         Harm     .   (no cloak)
rCorr    .         Rampage  .   (no gloves)
Will     .....                  n - +1 pair of boots of Dymmoud {rPois Regen+}
Stlth    +.........             (no amulet)
HPRegen  1.21/turn              d - ring of protection from fire
MPRegen  0.15/turn              (no ring)

@: about to teleport, short of breath, slowed, heavily drained, very slow
A: breathe fire, AC +7, unfitting armour, fire resistance 1, cold-blooded,
deterioration 1, weak 1
a: Breathe Fire, Renounce Religion


You were on level 7 of the Dungeon.
You worshipped Xom.
You were a beloved toy of Xom.
You visited 1 branch of the dungeon, and saw 8 of its levels.
You also visited: Ossuary.

You collected 1275 gold pieces.

Inventory:

Hand Weapons
 a - a +1 falchion of chaos (weapon)
 i - a +2 dagger of flaming
Missiles
 t - 6 silver javelins (quivered)
 D - 6 atropa-tipped darts
 F - a curare-tipped dart
Armour
 n - the +1 pair of boots of Dymmoud (worn) {rPois Regen+}
   (You found it on level 4 of the Dungeon)

   rPois:     It protects you from poison.
   Regen:     It increases your rate of health regeneration.
 u - a +0 kite shield (worn)
Jewellery
 d - a ring of protection from fire (left hand)
 f - a ring of protection from fire
 j - a ring of resist corrosion
 s - a +6 ring of dexterity
 E - a +6 ring of intelligence
Wands
 b - a wand of flame (45)
 k - a wand of digging (8)
 o - a wand of iceblast (4)
Scrolls
 g - 2 scrolls of blinking
 h - a scroll of enchant armour
 l - 4 scrolls of teleportation
 w - a scroll of fear
 x - a scroll of summoning {unknown}
 y - a scroll of fog {unknown}
 B - a scroll of identify
Potions
 c - 3 potions of invisibility
 e - 2 potions of flight
 m - 3 potions of curing
 p - a potion of cancellation {unknown}
 q - 3 potions of might
 r - 2 potions of brilliance {unknown}
 v - 2 potions of attraction {unknown}
 z - a potion of degeneration {unknown}
 A - 2 potions of resistance {unknown}
 C - 2 potions of experience {unknown}


   Skills:
 + Level 6.3 Fighting
 + Level 5.3(6.6) Short Blades
 + Level 6.0(7.0) Long Blades
 + Level 6.1 Dodging
 + Level 3.3 Shields
 * Level 5.1 Spellcasting
 + Level 0.5 Evocations


You had 18 spell levels left.
You didn't know any spells.
Your spell library contained the following spells:

 Spells                   Type           Power      Damage    Failure   Level
 Beastly Appendage        Tmut           4%         N/A       67%         1
 Foxfire                  Conj/Fire      8%         2x1d4     67%         1
 Magic Dart               Conj           8%         1d3       67%         1
 Ensorcelled Hibernation  Hex/Ice        4%         N/A       82%         2
 Searing Ray              Conj           4%         3d3       82%         2
 Wereblood                Tmut           2%         N/A       82%         2
 Conjure Flame            Conj/Fire      2%         6-21      96%         3
 Inner Flame              Hex/Fire       2%         N/A       96%         3
 Spider Form              Tmut/Pois      1%         N/A       96%         3
 Tukima's Dance           Hex            2%         N/A       96%         3
 Fulminant Prism          Conj/Hex       1%         3d6       100%        4
 Leda's Liquefaction      Hex/Erth       1%         N/A       100%        4
 Bolt of Magma            Conj/Fire/Erth 1%         4d4       100%        5
 Conjure Ball Lightning   Conj/Air       1%         3x3d6     100%        6
 Statue Form              Tmut/Erth      1%         N/A       100%        6
 Discord                  Hex            1%         N/A       100%        8


Dungeon Overview and Level Annotations

Branches:
Dungeon (8/15)             Temple (0/1) D:7         Ossuary (visited)
   Lair: D:8-11

Altars:
Elyvilon
Hepliaklqana
Qazlal
Ru
Wu Jian
Xom
The Shining One

Annotations:
D:7 3 runed translucent doors, nojaa's ghost, novice DEFE


Innate Abilities, Weirdness & Mutations

You can breathe blasts of fire.
Your fiery red scales are hard. (AC +7)
You cannot fit into any form of body armour.
Your flesh is heat resistant. (rF+)
You are cold-blooded and may be slowed by cold attacks.
Your body sometimes deteriorates upon taking damage.
You are weak. (Str -2)


Message History

Something hits you!!
Your body deteriorates!
You feel dopey.
You feel drained. Something freezes you. You block the kobold brigand's attack.
Something hits you! Something freezes you.
You are too injured to fight recklessly!
You are too injured to fight recklessly!
You are too injured to fight recklessly!
You block the kobold brigand's attack.
You feel yourself speed up. You block the kobold brigand's attack.
Something hits you but does no damage.
The kobold brigand throws a curare-tipped dart.
The curare-tipped dart hits you.
The kobold brigand throws a curare-tipped dart.
The kobold brigand throws a curare-tipped dart.
You block the curare-tipped dart.
Press: ? - help, Shift-Dir - straight line You breathe a blast of fire.
Something hits you!
Your body deteriorates!
You feel weakened.
You feel yourself slow down. Something freezes you.
The kobold brigand throws a curare-tipped dart.
Something hits you!
* * * LOW HITPOINT WARNING * * *
You feel drained.
* * * LOW HITPOINT WARNING * * *
Something freezes you.
* * * LOW HITPOINT WARNING * * *
You feel yourself speed up.
The kobold brigand throws a curare-tipped dart.
Okay, then.
As you read the scroll of teleportation, it crumbles to dust.
You feel strangely unstable.
The kobold brigand throws a curare-tipped dart.
The curare-tipped dart misses you. Something hits you!
* * * LOW HITPOINT WARNING * * *
You feel yourself slow down. Something freezes you.
* * * LOW HITPOINT WARNING * * *
Xom thinks this is hilarious!
Something hits you!
You die...
Xom chortles!

###.#.#####......# #.##..##.#
#.........+......# #........#
###.#####.#......# #.##..#### #.#
#.##+##.## #.##).# #.# #.##.##K#
#.##..# #.#####.##(##.#
####.)#######
####..........##.#######..##.....
.....................[...........
#..........##.##@#######.........
#................................
#...........#.##.#######.........
#................#######.........
#..........##.)..................
#..........##)#########..........
#..........##.# #...#.#...#
#..........##.#############.##..#
#.....)..........#≈..........#...


You could see a kobold brigand.

Vanquished Creatures
  A water moccasin (D:6)
  Duvessa (D:5)
  An orc warrior (D:7)
  An ice beast (D:7)
  A black bear (D:4)
  A sky beast (D:7)
  A hornet zombie (D:6)
  2 necrophages
  3 ogres
  4 phantoms
  A kobold brigand (D:7)
  2 scorpions
  Dowan (D:5)
  A wyvern skeleton (D:7)
  7 wights
  A centaur zombie (D:6)
  2 bullfrog zombies
  A jelly (D:5)
  3 hounds
  A gnoll shaman (D:5)
  A bullfrog skeleton (D:6)
  6 iguanas
  An orc wizard (D:7)
  8 mummies (Ossuary)
  A howler monkey skeleton (D:6)
  2 howler monkey zombies
  4 gnolls (D:5)
  4 adders
  A shadow imp (D:6)
  2 white imps (D:6)
  2 ufetubi
  3 dart slugs
  15 orcs
  5 endoplasms
  6 giant cockroaches
  9 hobgoblins
  12 kobolds
  3 quokkas
  9 ball pythons
  6 bats
  7 frilled lizards
  15 goblins
  A goblin zombie (D:6)
  5 hobgoblin zombies (Ossuary)
  3 kobold zombies (Ossuary)
  A quokka zombie (D:6)
  8 rats
176 creatures vanquished.

Vanquished Creatures (others)
  A water moccasin zombie (D:6)
  3 fungi (D:7)
  3 plants
7 creatures vanquished.

Grand Total: 183 creatures vanquished

Notes
Turn   | Place    | Note
-------+----------+-------------------------------------------
     0 | D:1      | Lekart the Draconian Chaos Knight began the quest for the
                  | Orb.
     0 | D:1      | Reached XP level 1. HP: 19/19 MP: 1/1
   231 | D:1      | XOM: silly message
   293 | D:1      | Reached XP level 2. HP: 26/26 MP: 2/2
   364 | D:1      | Found a faded altar of an unknown god.
   382 | D:1      | XOM: divination: detect items
   581 | D:1      | XOM: silly message
   660 | D:1      | XOM: silly message
   756 | D:1      | XOM: divination: detect items
   778 | D:1      | Reached skill level 1 in Spellcasting
   795 | D:1      | XOM: silly message
   934 | D:1      | You fall into a shaft and drop 1 floor!
   996 | D:2      | Reached XP level 3. HP: 33/33 MP: 4/4
  1002 | D:2      | HP: 1/33 [iguana (11)]
  1311 | D:2      | XOM: 2-stop teleportation journey
  1347 | D:2      | XOM: 4-stop teleportation journey
  1348 | D:2      | Noticed Robin
  1481 | D:3      | XOM: potion effect (invisibility)
  2104 | D:3      | XOM: silly message
  2274 | D:4      | Noticed a scorpion
  2300 | D:3      | XOM: silly message
  2357 | D:3      | Reached XP level 4. HP: 12/40 MP: 5/5
  2367 | D:3      | Reached skill level 1 in Short Blades
  2414 | D:3      | XOM: divination: detect items
  2685 | D:3      | XOM: smoke on damage
  2824 | D:2      | Noticed Robin
  2824 | D:2      | Robin changed into Robin the hound
  2824 | D:2      | XOM: polymorph Robin -> Robin the hound
  2835 | D:2      | Killed Robin the hound
  2865 | D:2      | XOM: scenery: summon butterflies
  2936 | D:2      | XOM is BORED!
  2936 | D:2      | XOM: stat loss: -1 Dex (10/11)
  3358 | D:2      | Reached XP level 5. HP: 32/46 MP: 7/7
  3585 | D:2      | XOM: summons 3 hostile demons
  3630 | D:4      | Identified the +1 pair of boots of Dymmoud {rPois Regen+}
  3698 | D:4      | XOM: swap monsters
  3834 | D:4      | XOM: smoke on damage
  4047 | D:4      | XOM: cloud trail
  4358 | D:4      | XOM: scenery: 2 doors close
  4463 | D:4      | Reached XP level 6. HP: 48/52 MP: 9/9
  4496 | D:4      | XOM: cleaving
  4559 | D:4      | XOM: god gift: 57 gold pieces
  4561 | D:4      | XOM: confuse monster(s)
  4629 | D:5      | Entered Level 5 of the Dungeon
  4657 | D:5      | XOM: confuse monster(s)
  4673 | D:5      | Your scales start taking on a fiery red colour.
  4673 | D:5      | Reached XP level 7. HP: 56/60 MP: 9/11
  4673 | D:5      | Gained mutation: Your flesh is heat resistant. (rF+) [Red
                  | Draconian growth]
  4680 | D:5      | XOM: confuse monster(s)
  4683 | D:5      | XOM: enchant monster (good)
  4752 | D:5      | XOM: enchant monster (good)
  4816 | D:5      | Found a glowing golden altar of the Shining One.
  4825 | D:5      | XOM is BORED!
  4825 | D:5      | XOM: summons 2 hostile demons
  4898 | D:5      | Found a hazy altar of Hepliaklqana.
  5120 | D:5      | Found a sacrificial altar of Ru.
  5121 | D:5      | Found a stormy altar of Qazlal.
  5141 | D:5      | Noticed Duvessa
  5141 | D:5      | Noticed Dowan
  5158 | D:5      | Killed Duvessa
  5178 | D:5      | Killed Dowan
  5423 | D:6      | XOM: confusion
  5425 | D:6      | XOM: divine lightning
  5436 | D:6      | XOM: draining
  5442 | D:6      | XOM: cleaving
  5451 | D:6      | XOM: summons friendly ufetubus
  5459 | D:6      | XOM: fog
  5497 | D:6      | XOM: blink monster(s)
  5546 | D:6      | XOM: cast spell 'Shadow Creatures'
  5556 | D:6      | XOM: potion effect (haste)
  5586 | D:6      | Found a sand-covered staircase.
  5593 | Ossuary  | Entered an ossuary
  5613 | Ossuary  | Reached skill level 5 in Dodging
  5630 | Ossuary  | Reached skill level 1 in Shields
  5632 | Ossuary  | Reached skill level 5 in Short Blades
  5632 | Ossuary  | Reached XP level 8. HP: 63/63 MP: 13/13
  5637 | Ossuary  | Reached skill level 5 in Fighting
  5650 | Ossuary  | XOM: scenery: create altars
  5824 | Ossuary  | Identified a scroll of acquirement
  5824 | Ossuary  | Acquired 722 gold pieces
  5852 | D:6      | XOM: enchant monster (bad)
  5963 | D:6      | XOM: noise
  5997 | D:6      | XOM: noise
  6016 | D:6      | XOM: give mutations
  6016 | D:6      | Gained mutation: You are weak. (Str -2) [Xom's mischief]
  6016 | D:6      | Gained mutation: Your body sometimes deteriorates upon
                  | taking damage. [Xom's mischief]
  6093 | D:6      | XOM: 1-stop teleportation journey
  6370 | D:6      | XOM: draining
  6494 | D:7      | XOM: silly message
  6594 | D:7      | Got the Handbook of Lethal Enchantment
  6598 | D:7      | Found a staircase to the Ecumenical Temple.
  6691 | D:7      | XOM: scenery: create altars
  6696 | D:7      | Found a runed translucent gate.
  6696 | D:7      | Found a runed translucent gate.
  6696 | D:7      | Found a runed translucent gate.
  6696 | D:7      | XOM: 1-stop teleportation journey
  6697 | D:7      | Noticed a kobold demonologist
  6697 | D:7      | Noticed nojaa's ghost (novice DEFE)
  6759 | D:7      | XOM: chaos upgrade
  6760 | D:7      | XOM: swap monsters
  6764 | D:7      | XOM: enchant monster (bad)
  6981 | D:7      | XOM: swap monsters
  6993 | D:7      | Reached skill level 5 in Long Blades
  6993 | D:7      | Reached XP level 9. HP: 63/70 MP: 15/15
  7054 | D:7      | XOM: confuse monster(s)
  7339 | D:6      | XOM: cast spell 'Statue Form'
  7357 | D:6      | Reached skill level 5 in Spellcasting
  7371 | D:7      | XOM: smoke on damage
  7463 | D:7      | XOM: god gift: hunting sling {god gift}
  7484 | D:7      | Found an ornate altar of the Wu Jian Council.
  7590 | D:7      | Found a white marble altar of Elyvilon.
  7731 | D:7      | HP: 1/67 [something (4)]
  7732 | D:7      | Mangled by a wight

Illustrated notes

Levels and vault maps discovered:
D:1:      minmay_arrival_up_and_down, layout_basic,
          hellmonk_ecumenical_altar_arch_garden
D:2:      layout_basic, serial_forest, infiniplex_forest_lined_ring,
          infiniplex_forest_clump_tiny, infiniplex_forest_straight_3,
          infiniplex_forest_split, infiniplex_forest_straight_4,
          infiniplex_forest_straight_2, infiniplex_forest_end_3, uniq_robin
D:3:      layout_basic
D:4:      layout_loops_corners
D:5:      layout_rooms, kennysheep_mini, mainiacjoe_overflow_paths,
          gammafunk_temple_overflow_pools, uniq_duvessa
D:6:      layout_loops_ring, enter_ossuary_4
D:7:      layout_basic, nzn_wu_jian_contemplation, lemuel_crystal_altar,
          minmay_temple_entry_fiery, gammafunk_ghost_nasty_kobolds
D:8:      layout_rooms, lemuel_coloured_pillars_altar,
          mainiacjoe_overflow_concentric_impassable, hex_tiny,
          lightli_church_of_beogh, uniq_maurice, uniq_prince_ribbit1

Skill      XL: |  1  2  3  4  5  6  7  8  9 |
---------------+----------------------------+-----
Spellcasting   | 1 2 3 4 5 |  5.1
Short Blades   | 1 2 3 5 |  5.3
Dodging        | 3 4 5 6 |  6.1
Fighting       | 4 5 6 |  6.3
Shields        | 1 2 3 |  3.3
Long Blades    | 5 6 |  6.0
Evocations     | |  0.5

Action                   |  1- 3 |  4- 6 |  7- 9 || total
-------------------------+-------+-------+-------++-------
Melee: Falchion          |    42 |       |   220 ||   262
       Tailslap          |    18 |    20 |    58 ||    96
       Dagger            |    87 |   211 |   199 ||   497
 Abil: Breathe Fire      |       |       |    14 ||    14
Evoke: Wand              |       |       |     3 ||     3
  Use: Scroll            |     6 |       |     6 ||    12
       Potion            |       |       |     1 ||     1
 Stab: Sleeping          |     1 |     1 |       ||     2
       Paralysed         |     1 |       |     3 ||     4
       Invisible         |     1 |       |       ||     1
       Confused          |       |       |     2 ||     2
Armor: Skin              |    62 |    58 |   154 ||   274
Dodge: Dodged            |   132 |   108 |   188 ||   428
Block: Kite shield       |       |       |   142 ||   142
       Rpst.: Falchion   |     9 |       |    28 ||    37

Table legend: (Time is in decaauts)
 A = Elapsed time spent in this place.
 B = Non-inter-level travel time spent in this place.
 C = Inter-level travel time spent in this place.
 D = Time resting spent in this place.
 E = Time spent auto-exploring this place.
 F = Levels seen in this place.
 G = Mean time per level.
                   A        B        C        D        E       F      G
               +--------+--------+--------+--------+--------+-----+--------+
         Total |   7744 |   7534 |    210 |    876 |   4851 |   9 |  860.4 |
       Dungeon |   7488 |   7278 |    210 |    876 |   4726 |   8 |  936.0 |
       Ossuary |    256 |    256 |      0 |      0 |    125 |   1 |  256.0 |
               +--------+--------+--------+--------+--------+-----+--------+

Top non-repeatable levels by time:
     D:3: 1434 daAuts
     D:7: 1239 daAuts
     D:2: 1125 daAuts
     D:1: 1054 daAuts
     D:4: 994 daAuts
     D:6: 930 daAuts
     D:5: 705 daAuts
 Ossuary: 256 daAuts
     D:8: 4 daAuts
